AoeStats
← lucas_s_g

Baltic

510561082Analyzed
2v2 RM · 23h ago on Oct 1, 2026· 24m 47s· 4 players
Game mode
Random Map
Map size
Medium (4 player)
Population
200
Speed
Normal
Resources
Standard
Victory
Conquest
Starting age
Dark Age
Ending age
Imperial Age
RankedLock teamsTeams togetherTeam positionsShared explorationLock speedFull tech treeHidden civsTurbo modeCheats
Victory
Defeat
🇵🇱 Franks · Poland
858
+13
🇵🇱 Goths · Poland
856
+14
🇪🇸 Vikings · Spain
816
-14
🇷🇺 Slavs · Russia
788
-13
lucas_s_g
10:13 Feudal Age
11:47 Double-Bit Axe
12:56 Loom
16:12 Horse Collar
20:38 Castle Age
22:20 Bow Saw
22:13 Heavy Plow
Livsha
11:10 Feudal Age
11:39 Fishing Lines
11:55 Double-Bit Axe
13:12 Wheelbarrow
13:29 Horse Collar
14:39 Town Watch
14:40 Loom
18:08 Man-at-Arms
20:33 Scale Barding Armor
20:38 Forging
20:22 Fletching
23:05 Castle Age
22:43 Scale Mail Armor
23:15 Stone Mining
23:24 Gold Mining
24:47 Medium Warships
24:31 Gillnets
quan
6:53 Loom
13:08 Feudal Age
17:59 Castle Age
16:59 Double-Bit Axe
18:57 Husbandry
19:19 Scale Barding Armor
23:35 Wheelbarrow
23:18 Stone Mining
23:54 Bow Saw
MrPyszcz
13:26 Feudal Age
18:11 Castle Age
20:53 Double-Bit Axe
20:50 Horse Collar
21:12 Scale Mail Armor
23:03 Chain Mail Armor
Connection lost

Rejoining the realm…

Still unreachable

The connection could not be restored.

Session expired

The server has moved on; the page needs a fresh start.